 Dungeon Crawl Stone Soup version 0.27-a0-512-g57cc695410 (webtiles) character file.

Game seed: 14119911932935383399

7 kae the Skirmisher (level 2, -7/27 HPs)
             Began as a Hill Orc Fighter on Mar 3, 2021.
             Mangled by a goblin
             ... wielding a +1 dagger of electrocution
              (19 damage)
             ... on level 1 of the Dungeon.
             The game lasted 00:00:07 (116 turns).

kae the Skirmisher (Hill Orc Fighter)                Turns: 116, Time: 00:00:08

Health: -7/27      AC:  6    Str: 18    XL:     2   Next: 4%
Magic:  2/2        EV:  7    Int:  8    God:
Gold:   44         SH:  9    Dex: 10    Spells: 1/1 levels left

rFire    . . .     SeeInvis .   a - +0 war axe
rCold    . . .     Faith    .   c - +0 kite shield
rNeg     . . .     Spirit   .   b - +0 scale mail
rPois    .         Reflect  .   (no helmet)
rElec    .         Harm     .   (no cloak)
rCorr    .         Rampage  .   (no gloves)
Will     .....                  (no boots)
Stlth    ..........             (no amulet)
HPRegen  0.09/turn              (no ring)
MPRegen  0.08/turn              (no ring)

@: no status effects
A: no striking features
a: no special abilities


You were on level 1 of the Dungeon.
You visited 1 branch of the dungeon, and saw 1 of its levels.

You collected 44 gold pieces.

Inventory:

Hand Weapons
 a - a +0 war axe (weapon)
Armour
 b - a +0 scale mail (worn)
 c - a +0 kite shield (worn)
Scrolls
 g - 2 scrolls of identify {unknown}
 h - a scroll of fog {unknown}
Potions
 d - a potion of might
 e - a potion of flight {unknown}
 f - a potion of curing {unknown}


   Skills:
 + Level 3.8 Fighting
 * Level 3.3 Axes
 - Level 3.2 Armour
 - Level 3.2 Shields


You had one spell level left.
You didn't know any spells.
Your spell library was empty.

Dungeon Overview and Level Annotations

Branches:
Dungeon (1/15)

Altars:


Message History

You have reached level 2!
You see here a bat corpse.
You now have 29 gold pieces (gained 12).
g - a scroll labelled ENUYNODAHO No target in view!
No target in view!
You now have 44 gold pieces (gained 15).
h - a scroll labelled ITEWENKOGE Key pressed, stopping explore.
No target in view!
No target in view!
A ball python comes into view.
The ball python moves out of view.
No target in view!
No target in view!
A ball python is nearby!
You hit the ball python.
You kill the ball python!
No target in view!
g - 2 scrolls labelled ENUYNODAHO (gained 1)
A goblin comes into view.
It is wielding a +1 dagger of electrocution.
A goblin is nearby!
The goblin hits you but does no damage.
You are electrocuted!
Ouch! That really hurt!
You are too injured to fight recklessly!
A goblin is nearby!
You are too injured to fight recklessly!
You are too injured to fight recklessly!
A goblin is nearby!
You are too injured to fight recklessly!
You are too injured to fight recklessly!
A goblin is nearby!
You are too injured to fight recklessly!
You are too injured to fight recklessly!
Your scale mail prevents you from hitting the goblin.
You block the goblin's attack. The goblin hits you but does no damage.
You closely miss the goblin. The goblin hits you but does no damage.
You are electrocuted!!
Ouch! That really hurt!
You die...

## ... ..# #.# #.# #.#
#.# ### #.#
#.#####.########### #.#
#....#......@g.?..#
#.###....##.#########.#
#.##........#
...........##
#.##.......#
..###....### .........#
#####.##.# # #.##.#


You could see a goblin.

Vanquished Creatures
  A leopard gecko (D:1)
  A bat (D:1)
  A giant cockroach (D:1)
  A kobold (D:1)
  A ball python (D:1)
  A rat (D:1)
6 creatures vanquished.

Notes
Turn   | Place    | Note
-------+----------+-------------------------------------------
     0 | D:1      | kae the Hill Orc Fighter began the quest for the Orb.
     0 | D:1      | Reached XP level 1. HP: 19/19 MP: 1/1
    60 | D:1      | Reached XP level 2. HP: 27/27 MP: 2/2
   116 | D:1      | Mangled by a goblin

Illustrated notes

Levels and vault maps discovered:
D:1:      co_arrival_square_in_a_square_in_a_square, layout_loops_ring

Skill      XL: |  1 |
---------------+----+-----
Axes           | 3 |  3.3
Fighting       | |  3.8
Armour         | |  3.2
Shields        | |  3.2

Action                   || total
-------------------------++-------
Melee: War axe           ||    12
Armor: Scale mail        ||     6
Dodge: Dodged            ||     5
Block: Kite shield       ||     4

Table legend: (Time is in decaauts)
 A = Elapsed time spent in this place.
 B = Non-inter-level travel time spent in this place.
 C = Inter-level travel time spent in this place.
 D = Time resting spent in this place.
 E = Time spent auto-exploring this place.
 F = Levels seen in this place.
 G = Mean time per level.
                   A        B        C        D        E       F      G
               +--------+--------+--------+--------+--------+-----+--------+
         Total |    122 |    122 |      0 |      0 |     89 |   1 |  122.0 |
       Dungeon |    122 |    122 |      0 |      0 |     89 |   1 |  122.0 |
               +--------+--------+--------+--------+--------+-----+--------+

Top non-repeatable levels by time:
     D:1: 122 daAuts
